 Dungeon Crawl Stone Soup version 0.31-a0-365-gcf821cafb2 (webtiles) character file.

Game seed: 2444907355621479080

15951 drugrobin the Severer (level 11, -7/81 HPs)
             Began as a Demigod Delver on July 28, 2023.
             Mangled by a black mamba (12 damage)
             ... on level 1 of the Lair of Beasts.
             The game lasted 00:35:42 (14708 turns).

drugrobin the Severer (Demigod Delver)             Turns: 14708, Time: 00:35:43

Health: -7/81      AC: 13    Str: 25    XL:     11   Next: 75%
Magic:  14/14      EV: 12    Int: 12    God:
Gold:   369        SH:  0    Dex: 15    Spells: 2/10 levels left

rFire   . . .        a - +5 flail (drain)
rCold   . . .        (no shield)
rNeg    . . .        S - +0 troll leather armour
rPois   .            l - +0 helmet
rElec   .            o - +1 cloak
rCorr   .            s - +0 pair of gloves
SInv    .            N - +0 pair of boots
Will    +....        j - amulet of magic regeneration
Stlth   +++          g - +4 ring of protection
HPRegen 1.13/turn    J - ring of wizardry
MPRegen 0.54/turn

%: wizardry (x1)
@: lethally poisoned (-7 -> -7)
A: high MP 1, forlorn, divine attributes
a: no special abilities


You were on level 1 of the Lair of Beasts.
You visited 2 branches of the dungeon, and saw 13 of its levels.
You also visited: Ossuary.

You collected 693 gold pieces.
You spent 324 gold pieces at shops.

Inventory:

Hand Weapons
 a - a +5 flail of draining (weapon)
 b - a +0 sling
 c - a +2 heavy hand axe
 e - a +3 hand axe of flaming
 A - a +2 short sword of venom
 Y - a +0 heavy war axe
Missiles
 w - 16 poisoned darts
 M - 11 boomerangs (quivered)
Armour
 d - +0 acid dragon scales
 l - a +0 helmet (worn)
 o - a +1 cloak (worn)
 s - a +0 pair of gloves (worn)
 u - a +0 scale mail of willpower
 N - a +0 pair of boots (worn)
 S - a +0 troll leather armour (worn)
 T - an orb of guile
Jewellery
 g - a +4 ring of protection (left hand)
 j - an amulet of magic regeneration (around neck)
 J - a ring of wizardry (right hand)
 O - a ring of protection from cold
 W - a ring of ice
Wands
 h - a wand of paralysis (6)
 m - a wand of digging (3)
 H - a wand of flame (20)
 K - a wand of polymorph (8)
 X - a wand of roots (3)
Scrolls
 i - a scroll of enchant weapon
 p - 2 scrolls of amnesia
 t - 3 scrolls of enchant armour
 v - 2 scrolls of brand weapon
 y - 4 scrolls of teleportation {unknown}
 C - 5 scrolls of blinking {unknown}
 E - 3 scrolls of vulnerability
 G - 5 scrolls of fog
 I - 3 scrolls of poison
 R - 3 scrolls of torment
 U - a scroll of immolation
 Z - 3 scrolls of fear
Potions
 f - 5 potions of haste
 k - 6 potions of curing
 q - 5 potions of lignification
 r - 3 potions of might {unknown}
 x - a potion of enlightenment {unknown}
 z - 2 potions of magic {unknown}
 B - 7 potions of heal wounds
 F - a potion of invisibility {unknown}
 L - 2 potions of brilliance {unknown}
 P - 2 potions of attraction {unknown}
 Q - a potion of mutation {unknown}
Miscellaneous
 V - a tin of tremorstones (2/2)


   Skills:
 - Level 2.6 Fighting
 + Level 16.1 Axes
 - Level 1.7 Dodging
 - Level 4.5 Stealth
 - Level 8.0 Evocations


You had 2 spell levels left.
You knew the following spells:

 Your Spells              Type           Power      Damage    Failure   Level
a - Wereblood             Tmut           0%         N/A       22%         2
b - Call Canine Familiar  Summ           0%         N/A       41%         3
c - Swiftness             Air            0%         N/A       41%         3

Your spell library contained the following spells:

 Spells                   Type           Power      Damage    Failure   Level
 Ensorcelled Hibernation  Hex/Ice        0%         N/A       22%         2
 Passwall                 Tmut/Erth      0%         N/A       22%         2
 Sublimation of Blood     Necr           0%         N/A       22%         2
 Frozen Ramparts          Ice            0%         1d1       41%         3
 Portal Projectile        Hex/Tloc       0%         N/A       41%         3
 Stone Arrow              Conj/Erth      0%         3d7       41%         3
 Summon Guardian Golem    Hex/Summ       0%         N/A       41%         3
 Animate Armour           Summ/Erth      0%         N/A       80%         4
 Leda's Liquefaction      Hex/Erth       0%         N/A       80%         4
 Petrify                  Tmut/Erth      0%         N/A       80%         4
 Summon Ice Beast         Ice/Summ       0%         N/A       80%         4
 Irradiate                Conj/Tmut      0%         3d11      98%         5
 Metabolic Englaciation   Hex/Ice        0%         N/A       98%         5
 Summon Forest            Summ/Tloc      0%         N/A       98%         5
 Summon Mana Viper        Hex/Summ       0%         N/A       98%         5
 Simulacrum               Ice/Necr       0%         N/A       100%        6
 Summon Cactus Giant      Summ           0%         N/A       100%        6
 Malign Gateway           Summ/Tloc      0%         N/A       100%        7
 Monstrous Menagerie      Summ           0%         N/A       100%        7
 Orb of Destruction       Conj           0%         9d5       100%        7
 Ozocubu's Refrigeration  Ice            0%         4d7       100%        7
 Spellforged Servitor     Conj/Summ      0%         N/A       100%        7
 Summon Hydra             Summ           0%         N/A       100%        7
 Lehudib's Crystal Spear  Conj/Erth      0%         10d2      100%        8
 Polar Vortex             Ice            0%         N/A       100%        9


Dungeon Overview and Level Annotations

Branches:
Dungeon (12/15)            Temple (0/1) D:5            Lair (1/5) D:9
    Orc (0/2) D:9         Ossuary (visited)

Shops:
D:4 *   D:9 (   D:12 [

Portals:
Trove: D:11 (give +6 demon trident)

Annotations:
D:3 exclusion: downstairs
D:11 2 transporters, Dutom's ghost, journeyman DsFi


Innate Abilities, Weirdness & Mutations

You have an increased reservoir of magic. (+10% MP)
You shall have no god before yourself.
Your divine heritage dramatically boosts your attributes as you level up.


Message History

You miss the black mamba.
You punch the black mamba, but do no damage.
You feel very sick. The black mamba bites you!
A blink frog comes into view.
Unknown command.
You barely miss the black mamba.
You feel very sick.
The blink frog gives a loud, deep croak!
The black mamba bites you!
A blink frog comes into view.
The black mamba bites you.
Unknown command.
Unknown command.
You sock the black mamba!
The black mamba is moderately wounded.
You feel very sick.
The black mamba bites you but does no damage. x2
Unknown command.
Unknown command.
Unknown command.
The blink frog attacks as you move away!
The blink frog hits you!
You feel sick. The blink frog hits you. The blink frog hits you!
The blink frog blinks!
You feel sick. The black mamba barely misses you.
The blink frog blinks!
The black mamba attacks as you move away!
The black mamba bites you but does no damage.
The blink frog attacks as you move away!
The blink frog completely misses you.
You feel sick. The black mamba barely misses you. The blink frog hits you.
* * * LOW HITPOINT WARNING * * *
The blink frog attacks as you move away!
The blink frog hits you!
* * * LOW HITPOINT WARNING * * *
You feel sick. The black mamba barely misses you. The black mamba bites you!
* * * LOW HITPOINT WARNING * * *
Unknown command.
Unknown command.
You feel sick. The black mamba bites you!
You die...

,,,,*.##P.##..........,,,,,,,,,,,
,,,,,.................,,,,,,,,,,,
,,,,,................,,...,,,,,,,
,,,,,..........F.....,....,,,,,,,
,,,,,...........###.*#..#........
,,,,*..#.####F..#####..##........
,,,,,,..,,,,#...##.............#.
,,,,*.,,,,,,#.FS#......##........
,,,,,,,,,,,,#...@......#.......#.
,,,,*,,,....P...##.....##......#.
,,,,,,,,........###..####........
,,,,*,**#+###....##..####....<...
,,,,,,,,,,,....................#.
,,,,,,,,,,.......................
,,,,,,,,,..........(.............
,,*******P##..#####P#####.#.#####
*** ******* ###############


You could see a black mamba and 3 blink frogs.

Vanquished Creatures
  Fannar (D:11)
  A boulder beetle (D:11)
  3 two-headed ogres
  Pikel (D:9)
  3 cyclopes
  A kobold demonologist (D:11)
  3 trolls
  2 hornets
  A shadow (D:10)
  A wraith (D:11)
  3 slime creatures (D:12)
  19 yaks
  3 wyverns
  6 steam dragons
  5 vampire mosquitoes
  An acid dragon (D:12)
  Duvessa (D:5)
  9 orc warriors
  4 black bears
  An ice beast (D:6)
  A sky beast (D:6)
  The ghost of randomguy2701 the Chopper, an amateur MiFi of Makhleb (D:4)
  5 wolves (D:9)
  A centaur (D:7)
  2 phantoms
  Blork the orc (D:5)
  2 kobold brigands
  A bullfrog (D:8)
  3 scorpions
  4 wights (D:7)
  6 killer bees (D:9)
  A howler monkey (D:3)
  4 electric eels
  A centaur zombie (D:4)
  8 hounds
  A jelly (D:5)
  A bullfrog zombie (D:4)
  2 orc priests
  2 bullfrog skeletons (D:4)
  Natasha (thrice) (D:3)
  2 iguanas (D:7)
  17 orc wizards
  3 mummies (Ossuary)
  4 adders
  7 gnolls
  A white imp (D:8)
  5 adder zombies (Ossuary)
  2 worms
  5 dart slugs
  48 orcs
  4 bats
  5 endoplasms
  4 giant cockroaches
  A gnoll zombie (Ossuary)
  4 goblins
  8 hobgoblins
  6 jackals
  12 kobolds
  A quokka (D:4)
  6 ball pythons
  A frilled lizard (D:3)
  3 goblin zombies (Ossuary)
  2 hobgoblin zombies (Ossuary)
  3 kobold zombies (Ossuary)
  2 quokka zombies (Ossuary)
  6 rats
  4 rat zombies
285 creatures vanquished.

Notes
Turn   | Place    | Note
-------+----------+-------------------------------------------
     0 | D:5      | drugrobin the Demigod Delver began the quest for the Orb.
     0 | D:5      | Reached XP level 1. HP: 18/18 MP: 3/3
    39 | D:4      | Reached skill level 2 in Axes
   194 | D:4      | Found a runed translucent gate.
   194 | D:4      | Found a runed translucent gate.
   194 | D:4      | Found a runed translucent gate.
   198 | D:4      | Noticed a jelly
   278 | D:2      | Reached XP level 2. HP: 21/25 MP: 4/4
   593 | D:1      | Reached skill level 3 in Axes
   855 | D:4      | Got the Spellbook of Phantasmal Shapes
   902 | D:4      | Noticed Edmund
  1071 | D:3      | Noticed Natasha
  1082 | D:3      | Killed Natasha
  1083 | D:3      | Reached XP level 3. HP: 6/30 MP: 5/5
  1290 | D:3      | Reached skill level 4 in Axes
  1290 | D:3      | Reached XP level 4. HP: 36/37 MP: 6/6
  1396 | D:3      | Found a runed translucent door.
  1397 | D:3      | Noticed Crazy Yiuf
  1765 | D:3      | Noticed Natasha
  1770 | D:3      | Killed Natasha
  1771 | D:3      | Reached skill level 5 in Axes
  1771 | D:3      | Reached XP level 5. HP: 13/42 MP: 7/7
  2175 | D:3      | Noticed Natasha
  2183 | D:3      | Killed Natasha
  2560 | D:3      | Crazy Yiuf changed into Crazy Yiuf the howler monkey
  2560 | D:3      | Noticed Crazy Yiuf
  2563 | D:3      | Killed Crazy Yiuf the howler monkey
  2860 | D:1      | Reached skill level 6 in Axes
  3170 | D:1      | Reached XP level 6. HP: 50/50 MP: 8/8
  3505 | D:4      | Edmund changed into Edmund the wyvern
  3505 | D:4      | Noticed Edmund
  3507 | D:4      | Edmund the wyvern changed into Edmund the steam dragon
  3507 | D:4      | Noticed Edmund
  3517 | D:4      | Killed Edmund the steam dragon
  3518 | D:4      | Reached skill level 7 in Axes
  3812 | D:4      | Found Zimmy's Assorted Antiques.
  3821 | D:4      | Bought a blue potion for 26 gold pieces
  3821 | D:4      | Bought a scroll labelled GIZIXZI RIGA for 29 gold pieces
  3821 | D:4      | Bought a scroll labelled USUZAL IXEYRAE for 29 gold pieces
  3821 | D:4      | Bought a crooked gold wand for 116 gold pieces
  4343 | D:4      | Noticed randomguy2701's ghost (amateur MiFi)
  4360 | D:4      | Killed randomguy2701's ghost
  4361 | D:4      | Reached skill level 1 in Evocations
  4361 | D:4      | Reached XP level 7. HP: 26/56 MP: 9/9
  4673 | D:5      | Noticed Blork the orc
  4699 | D:5      | Killed Blork the orc
  4767 | D:5      | Found a staircase to the Ecumenical Temple.
  4807 | D:5      | Noticed Dowan
  4807 | D:5      | Noticed Duvessa
  4823 | D:5      | Killed Duvessa
  4824 | D:5      | Reached skill level 8 in Axes
  4824 | D:5      | Dowan changed into Dowan the dart slug
  4824 | D:5      | Noticed Dowan
  4825 | D:5      | Killed Dowan the dart slug
  5379 | D:6      | Reached XP level 8. HP: 52/62 MP: 10/10
  5431 | D:6      | Noticed a cyclops
  5439 | D:6      | Killed a cyclops
  5440 | D:6      | Reached skill level 5 in Evocations
  5458 | D:6      | Reached skill level 9 in Axes
  6000 | D:6      | Reached XP level 9. HP: 47/68 MP: 11/11
  6837 | D:7      | Reached skill level 10 in Axes
  6846 | D:7      | Found a sand-covered staircase.
  6867 | Ossuary  | Entered an ossuary
  8216 | D:7      | Reached skill level 11 in Axes
  8412 | D:8      | Reached XP level 10. HP: 19/74 MP: 13/13
  9765 | D:9      | Reached skill level 12 in Axes
 10147 | D:9      | Reached skill level 13 in Axes
 10314 | D:9      | Learned a level 2 spell: Wereblood
 10331 | D:9      | Found a staircase to the Lair.
 10356 | D:9      | Noticed Pikel
 10372 | D:9      | Killed Pikel
 10481 | D:9      | Found Igiufo's Weapon Emporium.
 10484 | D:9      | Bought a +0 heavy war axe for 124 gold pieces
 11467 | D:9      | Found a staircase to the Orcish Mines.
 11611 | D:10     | Entered Level 10 of the Dungeon
 11687 | D:10     | Reached XP level 11. HP: 23/81 MP: 14/14
 11697 | D:10     | Reached skill level 14 in Axes
 12162 | D:10     | Noticed a two-headed ogre
 12642 | D:10     | Killed a two-headed ogre
 12665 | D:11     | Found a portal to a secret trove of treasure.
 12863 | D:11     | Noticed a two-headed ogre
 13166 | D:11     | Found a transporter.
 13169 | D:11     | Identified the +1 robe of Music {Harm rF- Int+4}
 13174 | D:11     | Noticed a two-headed ogre
 13175 | D:11     | Noticed a tengu warrior
 13238 | D:11     | Found a transporter.
 13246 | D:11     | Noticed Dutom's ghost (journeyman DsFi)
 13285 | D:11     | Reached skill level 15 in Axes
 13310 | D:11     | Killed a two-headed ogre
 13377 | D:11     | Learned a level 3 spell: Call Canine Familiar
 13381 | D:11     | Learned a level 3 spell: Swiftness
 13386 | D:11     | Noticed Fannar
 13405 | D:11     | Killed Fannar
 13435 | D:11     | Noticed a boulder beetle
 13447 | D:11     | Killed a boulder beetle
 13878 | D:12     | Found Ammuunex's Antique Armour Shop.
 14316 | D:12     | Reached skill level 16 in Axes
 14435 | D:12     | Noticed a two-headed ogre
 14447 | D:12     | Killed a two-headed ogre
 14680 | Lair:1   | Entered Level 1 of the Lair of Beasts
 14681 | Lair:1   | Noticed a boulder beetle
 14708 | Lair:1   | Mangled by a black mamba

Illustrated notes

Levels and vault maps discovered:
D:1:      mainiacjoe_arrival_reflecting_pool, layout_loops_ring
D:2:      layout_basic, minmay_tetromino_t2
D:3:      layout_basic, mainiacjoe_overflow_boulevard, nrook_mini_backslash,
          uniq_natasha, uniq_crazy_yiuf_cottage
D:4:      layout_layer_cave, serial_shops, shop, gammafunk_ghost_necromancy,
          uniq_edmund
D:5:      layout_basic, kennysheep_mini_moat, minmay_temple_entry_mini_moons,
          uniq_blork_the_orc, uniq_duvessa
D:6:      layout_loops_ring, minmay_checkerbox
D:7:      layout_basic, nicolae_overflow_two_pavilions, enter_ossuary_4,
          minivault_23
D:8:      layout_rooms, nicolae_ru_sacrificial_ziggurat, minmay_diced_spiral
D:9:      layout_roguey, nicolae_hepliaklqana_hippocampus, erik_lair_island,
          david_orc_4, serial_shops, nicolae_shop_trees, uniq_pikel
D:10:     layout_loops_ring
D:11:     minmay_spotlight, layout_basic, nicolae_trove_entry_columns,
          gammafunk_ghost_wrathful_warriors, uniq_fannar
D:12:     layout_cave_pods, serial_shops, nicolae_shop_back_alley_shop
Lair:1:   layout_regular_city, gauntlet_entry_generic,
          portal_ice_cave_entry_ice_simulacra

Skill      XL: |  1  2  3  4  5  6  7  8  9 10 11 |
---------------+----------------------------------+-----
Axes           | 2 3 4 5 6 7 8 9 11 13 16 | 16.1
Evocations     | 1 4 6 8 |  8.0
Fighting       | |  2.6
Dodging        | |  1.7
Stealth        | |  4.5

Action                     |  1- 3 |  4- 6 |  7- 9 | 10-12 || total
---------------------------+-------+-------+-------+-------++-------
  Melee: Hand axe          |    79 |   106 |    83 |   377 ||   645
         Punch             |       |     4 |     4 |     6 ||    14
         Flail             |       |    22 |   215 |   110 ||   347
         War axe           |       |       |       |    14 ||    14
         Short sword       |       |       |       |     2 ||     2
   Fire: Sling             |       |     1 |     2 |       ||     3
  Throw: Boomerang         |       |       |     4 |    27 ||    31
         Dart              |       |       |       |     8 ||     8
   Cast: Call Canine Famil |       |       |       |     2 ||     2
  Evoke: Wand              |     1 |     8 |     8 |    21 ||    38
    Use: Scroll            |       |     1 |       |    12 ||    13
   Stab: Sleeping          |     6 |     1 |     2 |     2 ||    11
         Distracted        |       |       |     1 |       ||     1
 Armour: Leather armour    |    17 |       |       |       ||    17
         Chain mail        |    14 |     3 |       |       ||    17
         Scale mail        |       |    60 |   146 |    39 ||   245
         Steam dragon scal |       |       |       |    48 ||    48
         Troll leather arm |       |       |       |    41 ||    41
  Dodge: Dodged            |    50 |    66 |   148 |   223 ||   487

Table legend: (Time is in decaauts)
 A = Elapsed time spent in this place.
 B = Non-inter-level travel time spent in this place.
 C = Inter-level travel time spent in this place.
 D = Time resting spent in this place.
 E = Time spent auto-exploring this place.
 F = Levels seen in this place.
 G = Mean time per level.
                   A        B        C        D        E       F      G
               +--------+--------+--------+--------+--------+-----+--------+
         Total |  14735 |  14118 |    617 |   2665 |   8073 |  14 | 1052.5 |
       Dungeon |  14494 |  13877 |    617 |   2665 |   8013 |  12 | 1207.8 |
          Lair |     27 |     27 |      0 |      0 |      0 |   1 |   27.0 |
       Ossuary |    214 |    214 |      0 |      0 |     60 |   1 |  214.0 |
               +--------+--------+--------+--------+--------+-----+--------+

Top non-repeatable levels by time:
     D:9: 1804 daAuts
     D:7: 1562 daAuts
     D:4: 1559 daAuts
     D:3: 1463 daAuts
     D:8: 1438 daAuts
     D:6: 1107 daAuts
    D:10: 1102 daAuts
    D:11: 973 daAuts
    D:12: 935 daAuts
     D:5: 880 daAuts
     D:1: 872 daAuts
     D:2: 794 daAuts
 Ossuary: 214 daAuts
  Lair:1: 27 daAuts
